 Dungeon Crawl Stone Soup version 0.22.1 (webtiles) character file.

916 JedernureinKreuz the Conjurer (level 8, -18/57 HPs)
             Began as a Gnoll Conjurer on Sept 18, 2018.
             Was an Initiate of Sif Muna.
             Demolished by Menkaure (22 damage)
             ... on level 5 of the Dungeon.
             The game lasted 00:20:30 (4697 turns).

JedernureinKreuz the Conjurer (Gnoll Conjurer)      Turns: 4697, Time: 00:20:31

Health: -18/57     AC:  5    Str: 10    XL:     8   Next: 9%
Magic:  1/16       EV: 14    Int: 21    God:    Sif Muna [......]
Gold:   202        SH: 10    Dex: 15    Spells: 10/18 levels left

rFire    . . .     SeeInvis .   l - -3 dagger (curse)
rCold    . . .     Gourm    .   o - +0 buckler
rNeg     . . .     Faith    .   n - +0 leather armour
rPois    .         Spirit   .   (no helmet)
rElec    .         Reflect  +   (no cloak)
rCorr    .         Harm     .   (no gloves)
MR       .....                  j - +1 pair of boots
Stlth    +++.......             b - +5 amulet of reflection
HPRegen  0.19/turn              (no ring)
MPRegen  0.15/turn              (no ring)

@: no status effects
A: distributed training, fangs 1, strong nose
a: Renounce Religion


You were on level 5 of the Dungeon.
You worshipped Sif Muna.
Sif Muna was noncommittal.
You were not hungry.

You visited 2 branches of the dungeon, and saw 6 of its levels.

You collected 202 gold pieces.

Inventory:

Hand Weapons
 f - a cursed -2 hunting sling
 h - a +1 dagger
 l - a cursed -3 dagger (weapon)
 p - a +0 arbalest
 s - a +0 flail of protection
 w - a +0 mace of draining
Missiles
 d - 9 tomahawks (quivered)
 e - 48 arrows
 v - 2 poisoned tomahawks
Armour
 a - a +0 robe
 j - a +1 pair of boots (worn)
 n - a +0 leather armour (worn)
 o - a +0 buckler (worn)
 q - a +1 leather armour of positive energy
Jewellery
 b - a +5 amulet of reflection (around neck)
 r - a cursed ring of positive energy {unknown}
 u - an uncursed amulet of guardian spirit {unknown}
Scrolls
 t - 2 scrolls of enchant weapon
Potions
 g - a potion of haste {unknown}
 i - a potion of brilliance {unknown}
 k - a potion of lignification {unknown}
 m - a potion of agility {unknown}
Comestibles
 c - 5 rations
 x - a chunk of flesh


   Skills:
 + Level 2.9 Fighting
 + Level 2.9 Short Blades
 + Level 2.9 Long Blades
 + Level 2.9 Axes
 + Level 2.9 Maces & Flails
 + Level 2.9 Polearms
 + Level 2.9 Staves
 + Level 2.9 Slings
 + Level 2.9 Bows
 + Level 2.9 Crossbows
 + Level 2.9 Throwing
 + Level 2.9 Armour
 + Level 5.4 Dodging
 + Level 5.1 Stealth
 + Level 2.9 Shields
 + Level 2.9 Unarmed Combat
 + Level 5.8 Spellcasting
 + Level 7.5 Conjurations
 + Level 2.3 Hexes
 + Level 2.3 Charms
 + Level 2.3 Summonings
 + Level 2.3 Necromancy
 + Level 2.3 Translocations
 + Level 2.3 Transmutations
 + Level 2.3 Fire Magic
 + Level 2.3 Ice Magic
 + Level 2.3 Air Magic
 + Level 2.3 Earth Magic
 + Level 2.3 Poison Magic
 + Level 3.2 Invocations
 + Level 2.9 Evocations


You had 10 spell levels left.
You knew the following spells:

 Your Spells              Type           Power        Failure   Level  Hunger
a - Magic Dart            Conj           ####         1%          1    None
b - Iskenderun's Mystic   Conj           #####...     7%          4    ####...
c - Dazzling Spray        Conj/Hex       ####..       6%          3    ##.....

Your spell library contained the following spells:

 Spells                   Type           Power        Failure   Level  Hunger
 Searing Ray              Conj           #####.       1%          2    None
 Force Lance              Conj/Tloc      ####....     21%         4    ####...
 Fulminant Prism          Conj/Hex       ####......   21%         4    ####...


Dungeon Overview and Level Annotations

Branches:
Dungeon (5/15)             Temple (1/1) D:4

Altars:
Ashenzari
Cheibriados
Elyvilon
Fedhas
Gozag
Hepliaklqana
Kikubaaqudgha
Qazlal
Ru
Sif Muna
Trog
Uskayaw
Wu Jian
Xom
Zin
The Shining One

Annotations:
D:5 Menkaure


Innate Abilities, Weirdness & Mutations

Your experience applies equally to all skills.
You have very sharp teeth.
Your uncanny sense of smell can sniff out nearby items.


Message History

You hit Menkaure but do no damage.
Menkaure is heavily damaged.
You block Menkaure's attack.
You hit Menkaure but do no damage.
Menkaure is heavily damaged.
You block Menkaure's attack.
You hit Menkaure. You bite Menkaure.
Menkaure is heavily damaged.
Menkaure misses you.
You hit Menkaure.
Menkaure is severely damaged.
You block Menkaure's attack.
You barely miss Menkaure. Your bite misses Menkaure.
Menkaure is severely damaged.
Menkaure hits you.
* * * LOW HITPOINT WARNING * * *
You hit Menkaure but do no damage. You bite Menkaure, but do no damage.
Menkaure is severely damaged.
Menkaure hits you but does no damage. Menkaure hits you!!
You die...

#M ### #.# ##'# ..# #####.###
#.(.# #.# #.......# .....# ###
#.# #.......## # ......# ##.###.#
#.###....####
.......####...##.####.##.........
.......'÷.>..M..p................
.......####..^##M####.##....._...
......# ##.##.@.# #...........#
.....# ####...# ####.##.....#
#...# #...# #...####### ##+#
#.### #.# # #. # #. #. #. ∆


You could see a slave and Menkaure.

Vanquished Creatures
  Eustachio (D:4)
  An ice beast (D:4)
  A water moccasin skeleton (D:5)
  A howler monkey (D:5)
  3 orc priests (D:4)
  5 orc wizards (D:4)
  A bullfrog skeleton (D:4)
  2 iguanas
  A worker ant (D:4)
  6 adders
  7 gnolls
  4 shadow imps
  3 oozes
  3 worms
  2 dart slugs (D:1)
  2 leopard geckos
  24 orcs
  A ball python (D:4)
  A giant cockroach (D:3)
  3 hobgoblins
  7 kobolds
  7 bats
  7 frilled lizards
  6 goblins
  A quokka skeleton (D:4)
  7 rats
107 creatures vanquished.

Notes
Turn   | Place    | Note
-------+----------+-------------------------------------------
     0 | D:1      | JedernureinKreuz the Gnoll Conjurer began the quest for the
                  | Orb.
     0 | D:1      | Reached XP level 1. HP: 13/13 MP: 6/6
   103 | D:1      | Reached XP level 2. HP: 17/19 MP: 1/7
   663 | D:1      | Reached XP level 3. HP: 25/25 MP: 7/9
   807 | D:2      | Reached skill level 5 in Spellcasting
  1236 | D:2      | Reached skill level 1 in Invocations
  1241 | D:2      | Reached skill level 1 in Fighting
  1241 | D:2      | Reached skill level 1 in Short Blades
  1241 | D:2      | Reached skill level 1 in Long Blades
  1241 | D:2      | Reached skill level 1 in Axes
  1241 | D:2      | Reached skill level 1 in Maces & Flails
  1241 | D:2      | Reached skill level 1 in Polearms
  1241 | D:2      | Reached skill level 1 in Staves
  1241 | D:2      | Reached skill level 1 in Slings
  1241 | D:2      | Reached skill level 1 in Bows
  1241 | D:2      | Reached skill level 1 in Crossbows
  1241 | D:2      | Reached skill level 1 in Throwing
  1241 | D:2      | Reached skill level 1 in Armour
  1241 | D:2      | Reached skill level 1 in Shields
  1241 | D:2      | Reached skill level 1 in Unarmed Combat
  1241 | D:2      | Reached skill level 1 in Evocations
  1322 | D:2      | Reached XP level 4. HP: 32/32 MP: 6/11
  1753 | D:3      | Reached skill level 1 in Hexes
  1753 | D:3      | Reached skill level 1 in Charms
  1753 | D:3      | Reached skill level 1 in Summonings
  1753 | D:3      | Reached skill level 1 in Necromancy
  1753 | D:3      | Reached skill level 1 in Translocations
  1753 | D:3      | Reached skill level 1 in Transmutations
  1753 | D:3      | Reached skill level 1 in Fire Magic
  1753 | D:3      | Reached skill level 1 in Ice Magic
  1753 | D:3      | Reached skill level 1 in Air Magic
  1753 | D:3      | Reached skill level 1 in Earth Magic
  1753 | D:3      | Reached skill level 1 in Poison Magic
  1855 | D:3      | Reached XP level 5. HP: 29/37 MP: 0/12
  2004 | D:3      | Learned a level 4 spell: Iskenderun's Mystic Blast
  2008 | D:3      | Learned a level 3 spell: Dazzling Spray
  2494 | D:4      | Reached XP level 6. HP: 19/44 MP: 7/13
  2638 | D:4      | Found an opulent altar of Gozag.
  2648 | D:4      | Noticed Eustachio
  2663 | D:4      | Reached skill level 5 in Dodging
  2896 | D:4      | Killed Eustachio
  2896 | D:4      | Reached XP level 7. HP: 50/50 MP: 1/15
  3721 | D:4      | Reached skill level 5 in Stealth
  4131 | D:4      | Found a staircase to the Ecumenical Temple.
  4138 | Temple   | Entered the Ecumenical Temple
  4324 | Temple   | Became a worshipper of Sif Muna the Loreminder
  4542 | D:5      | Entered Level 5 of the Dungeon
  4607 | D:5      | Found an ornate altar of the Wu Jian Council.
  4652 | D:5      | Reached XP level 8. HP: 36/57 MP: 2/16
  4668 | D:5      | Noticed Menkaure
  4697 | D:5      | Demolished by Menkaure

Skill      XL: |  1  2  3  4  5  6  7 |
---------------+----------------------+-----
Spellcasting   | 5 |  5.8
Invocations    | 1 2 3 |  3.2
Fighting       | 1 2 |  2.9
Short Blades   | 1 2 |  2.9
Long Blades    | 1 2 |  2.9
Axes           | 1 2 |  2.9
Maces & Flails | 1 2 |  2.9
Polearms       | 1 2 |  2.9
Staves         | 1 2 |  2.9
Slings         | 1 2 |  2.9
Bows           | 1 2 |  2.9
Crossbows      | 1 2 |  2.9
Throwing       | 1 2 |  2.9
Armour         | 1 2 |  2.9
Shields        | 1 2 |  2.9
Unarmed Combat | 1 2 |  2.9
Evocations     | 1 2 |  2.9
Hexes          | 1 2 |  2.3
Charms         | 1 2 |  2.3
Summonings     | 1 2 |  2.3
Necromancy     | 1 2 |  2.3
Translocations | 1 2 |  2.3
Transmutations | 1 2 |  2.3
Fire Magic     | 1 2 |  2.3
Ice Magic      | 1 2 |  2.3
Air Magic      | 1 2 |  2.3
Earth Magic    | 1 2 |  2.3
Poison Magic   | 1 2 |  2.3
Dodging        | 5 |  5.4
Stealth        | 5 |  5.1
Conjurations   | |  7.5

Action                   |  1- 3 |  4- 6 |  7- 9 || total
-------------------------+-------+-------+-------++-------
Melee: Unarmed           |     2 |       |       ||     2
       Dagger            |     7 |   116 |   140 ||   263
       Bite              |     1 |     6 |    16 ||    23
 Cast: Magic Dart        |    55 |    78 |    63 ||   196
       Iskenderun's Myst |       |     8 |    16 ||    24
       Dazzling Spray    |       |     2 |     3 ||     5
  Use: Scroll            |     3 |       |     1 ||     4
 Stab: Sleeping          |       |     1 |       ||     1
       Invisible         |       |     1 |     2 ||     3
  Eat: Chunk             |     1 |     6 |     9 ||    16
Armor: Robe              |     3 |       |       ||     3
       Leather armour    |       |    25 |    19 ||    44
Dodge: Dodged            |    16 |    45 |    61 ||   122
Block: Buckler           |       |    51 |    65 ||   116
       Reflection        |       |     2 |       ||     2
